cohdb
Replays
Latest Replays
All Replays
Popular Replays
Top Player Replays
Match Explorer
How It Works
Community
CoH3 Stats
Reddit
Sign in to upload your games and track your stats! →
Sign in with Steam
Match 48275625
Unlisted
Match 48275625
Overview
Messages
Build Orders
End
Vickers Machine Gun Team
Construct Section Command Post
Dingo Light Scout Car
Infantry Section
Infantry Section
Construct Platoon Command Post
6-pounder Anti-tank Gun Team
Royal Engineer Section
Infantry Section
Grenade Package
Infantry Training
Infantry Section
Selects Heavy Armor Battlegroup
Selects Light Vehicle Withdraw and Refit
Selects Rigorous Vehicle Training
Selects Forward Repair Assembly
Selects Radio Net
Selects UNKNOWN (202330)
Construct Company Command Post
Crusader AA Medium Tank
CMP 15cwt Truck
Selects Recon Artillery
6-pounder Anti-tank Gun Team
Crusader AA Medium Tank
Forward Retreat Point
Recon Artillery
Crusader AA Medium Tank
Petranodon
tubagznyven
Super Unta Kilat
Bengek323
企鹅爱子
袅炸天
明太宗judy
JERRY
0
0
Comments
sign in to comment!
No comments posted yet!